 Dungeon Crawl Stone Soup version 0.28.0-47-ge53b351184 (webtiles) character file.

Game seed: 16642499852368681179

102 greasedhog the Poker (level 5, -2/40 (41) HPs)
             Began as a Formicid Fighter on May 8, 2022.
             Slain by a water moccasin (4 damage)
             ... on level 3 of the Dungeon.
             The game lasted 00:08:17 (2972 turns).

greasedhog the Poker (Formicid Fighter)             Turns: 2972, Time: 00:08:19

HP:   -2/40 (41)    AC:  6    Str: 23    XL:     5   Next: 5%
MP:   5/5           EV:  9    Int:  7    God:
Gold: 81            SH:  4    Dex: 10    Spells: 4/4 levels left

rFire   + . .      SeeInvis +   a - +0 trident
rCold   . . .      Faith    .   c - +0 buckler
rNeg    . . .      Spirit   .   b - +0 scale mail
rPois   .          Reflect  .   (helmet unavailable)
rElec   .          Harm     .   (no cloak)
rCorr   .          Rampage  .   (no gloves)
Will    .....                   (no boots)
Stlth   ..........              (no amulet)
HPRegen 0.13/turn               h - ring of protection from fire
MPRegen 0.09/turn               (no ring)

@: lethally poisoned (-2 -> -20), lightly drained
A: permanent stasis, dig shafts and tunnels, antennae 3, four strong arms
a: Dig, Shaft Self


You were on level 3 of the Dungeon.
You visited 1 branch of the dungeon, and saw 3 of its levels.

You collected 81 gold pieces.

Inventory:

Hand Weapons
 a - a +0 trident (weapon)
Missiles
 i - a throwing net
Armour
 b - a +0 scale mail (worn)
 c - a +0 buckler (worn)
Jewellery
 h - a ring of protection from fire (left hand)
 j - a ring of magical power
Scrolls
 g - 2 scrolls of silence
 k - a scroll of identify
 l - a scroll of fog {unknown}
Potions
 d - a potion of might
 e - a potion of degeneration {unknown}
 f - 2 potions of curing


   Skills:
 - Level 3.2 Fighting
 * Level 4.8 Polearms
 - Level 3.2 Armour
 - Level 3.6 Shields


You had 4 spell levels left.
You didn't know any spells.
Your spell library was empty.

Dungeon Overview and Level Annotations

Branches:
Dungeon (3/15)

Altars:

Shops:
D:3 [


Innate Abilities, Weirdness & Mutations

You cannot be hasted, slowed, berserked, paralysed or teleported.
You can dig through walls and to a lower floor.
You have a pair of large antennae on your head. (SInv)
Your four strong arms can wield two-handed weapons with a shield.


Message History

Things that are here:
a +0 trident; an orc corpse A water moccasin comes into view.
Found Laschabli's Armour Shoppe.
The water moccasin hisses angrily.
Reach: a) +0 trident
Press: ? - help, Dir - move target, f - you
Okay, then.
Reach: a) +0 trident
Press: ? - help, Dir - move target, f - water moccasin
Aim: a water moccasin (about 62% to evade your +0 trident)
You closely miss the water moccasin.
The water moccasin bites you but does no damage.
You closely miss the water moccasin. The water moccasin bites you.
The water moccasin bites you but does no damage.
You completely miss the water moccasin. The water moccasin bites you.
You are poisoned.
The water moccasin poisons you!
You hit the water moccasin.
The water moccasin is lightly wounded.
You feel very sick. The water moccasin barely misses you.
The water moccasin bites you but does no damage.
You barely miss the water moccasin.
The water moccasin is lightly wounded.
You feel very sick. The water moccasin closely misses you.
You closely miss the water moccasin.
The water moccasin is lightly wounded.
You feel sick. The water moccasin bites you.
You are lethally poisoned!
The water moccasin poisons you!
You miss the water moccasin.
The water moccasin is lightly wounded.
* * * LOW HITPOINT WARNING * * *
You feel very sick. The water moccasin bites you!
* * * LOW HITPOINT WARNING * * *
The water moccasin bites you.
You die...

........# .######.# .#
#.# .#### #.# ######
....# #.# #....#
.##.###'## #.##.#
.##.##.).# #.#..#####
....##...#####.#...#..##
######...#..)...@S.....#
...#
#...#.#)...#..###.....#
##.###...#)#.......#
.#'#.....
.#.......#)#.#####.#.8
.# .... .#.###.....#.#..
...## .# ...
..#####.####.#.# ##.+.
∩. ..
.......).###...#######
.# . ..#####....#.....
#.# .#8 ..# #.#.#.#...#
##.#


You could see a water moccasin.

Vanquished Creatures
  2 adders
  11 orcs
  5 endoplasms (D:1)
  A giant cockroach (D:2)
  10 goblins
  9 hobgoblins
  2 quokkas
  9 ball pythons
  3 bats (D:2)
  3 frilled lizards
  7 kobolds
  3 rats (D:1)
65 creatures vanquished.

Notes
Turn   | Place    | Note
-------+----------+-------------------------------------------
     0 | D:1      | greasedhog the Formicid Fighter began the quest for the
                  | Orb.
     0 | D:1      | Reached XP level 1. HP: 18/18 MP: 1/1
   209 | D:1      | Found a faded altar of an unknown god.
   213 | D:1      | Reached XP level 2. HP: 24/24 MP: 2/2
   475 | D:1      | Reached skill level 3 in Polearms
   639 | D:1      | Reached XP level 3. HP: 29/29 MP: 3/3
  1285 | D:1      | Reached XP level 4. HP: 3/29 MP: 4/4
  1289 | D:1      | Reached skill level 4 in Polearms
  2928 | D:3      | Reached XP level 5. HP: 40/40 MP: 5/5
  2957 | D:3      | Found Laschabli's Armour Shoppe.
  2957 | D:3      | Noticed a water moccasin
  2972 | D:3      | HP: 2/40 [water moccasin (8)]
  2972 | D:3      | Slain by a water moccasin

Illustrated notes

Levels and vault maps discovered:
D:1:      mushboom_english_gardens, layout_loops_ring, basic_ecumenical_altar
D:2:      layout_basic, grunt_decor_fettered, chequers_serial_rivers_marsh,
          kennysheep_generic_room_13
D:3:      corexii_shack_village, layout_basic, trog_book, serial_shops,
          nicolae_shop_hallway_plus, minmay_misc_feat_four_crosses

Skill      XL: |  1  2  3  4 |
---------------+-------------+-----
Polearms       | 3 4 |  4.8
Fighting       | |  3.2
Armour         | |  3.2
Shields        | |  3.6

Action                   |  1- 3 |  4- 6 || total
-------------------------+-------+-------++-------
Melee: Trident           |   121 |    94 ||   215
 Abil: Dig               |     2 |       ||     2
  Use: Scroll            |     2 |     1 ||     3
Armor: Scale mail        |    48 |    40 ||    88
Dodge: Dodged            |    60 |    38 ||    98
Block: Buckler           |    31 |    20 ||    51
